 Dungeon Crawl Stone Soup version 0.22-a0-348-gd16d139 (webtiles) character file.

5340 Gorglomux the Grappler (level 10, -3/86 HPs)
             Began as a Minotaur Earth Elementalist on Apr 9, 2018.
             Was a High Priest of Cheibriados.
             Slain by a freezing wraith (15 damage)
             ... on level 10 of the Dungeon.
             The game lasted 00:11:43 (8831 turns).

Gorglomux the Grappler (MiEE)                       Turns: 8831, Time: 00:11:44

Health: -3/86      AC: 18    Str: 29    XL:     10   Next: 38%
Magic:  11/11      EV:  9    Int: 25    God:    Cheibriados [*****.]
Gold:   238        SH:  0    Dex: 24    Spells: 11/11 levels left

rFire    . . .     SeeInvis .     - Unarmed
rCold    . . .     Gourm    .   (no shield)
rNeg     . . .     Faith    .   S - +0 plate armour
rPois    .         Spirit   .   (helmet restricted)
rElec    .         Reflect  .   Y - +1 cloak
rCorr    .         Harm     .   s - +0 pair of gloves
MR       .....                  k - +0 pair of boots
Stlth    ..........             F - amulet of the acrobat
HPRegen  0.24/turn              (no ring)
MPRegen  0.12/turn              (no ring)

@: very slow
A: retaliatory headbutt, horns 2
a: Bend Time, Temporal Distortion, Slouch, Step From Time, Renounce Religion


You were on level 10 of the Dungeon.
You worshipped Cheibriados.
Cheibriados was extremely pleased with you.
You were not hungry.

You visited 1 branch of the dungeon, and saw 10 of its levels.
You also visited: Sewer.

You collected 469 gold pieces.
You spent 231 gold pieces at shops.

Inventory:

Hand Weapons
 U - a +0 spear
Missiles
 b - 282 stones (quivered)
Armour
 k - a +0 pair of boots (worn)
 s - a +0 pair of gloves (worn)
 O - a +2 buckler
 S - a +0 plate armour (worn)
 Y - a +1 cloak (worn)
Jewellery
 F - an amulet of the acrobat (around neck)
Wands
 I - a wand of iceblast (9)
 P - a wand of paralysis (15)
Scrolls
 i - a scroll of noise {unknown}
 l - 7 scrolls of remove curse
 p - 3 scrolls of amnesia
 u - a scroll of random uselessness {unknown}
 z - a scroll of blinking {unknown}
 A - 2 scrolls of fear
 B - 2 scrolls of fog {unknown}
 L - a scroll of enchant weapon
 M - 3 scrolls of magic mapping
 N - 3 scrolls of immolation {unknown}
 R - 4 scrolls of identify
 T - 4 scrolls of teleportation
 W - a scroll of enchant armour {unknown}
Potions
 n - 4 potions of mutation {!q}
 o - 6 potions of brilliance
 r - a potion of magic
 v - a potion of agility
 C - 3 potions of might
 G - a potion of lignification {unknown}
 J - a potion of cancellation {unknown}
 Q - 3 potions of curing
 V - a potion of invisibility
 Z - a potion of berserk rage
Comestibles
 d - 27 rations
 X - 2 chunks of flesh


   Skills:
 + Level 7.1 Fighting
 + Level 7.1 Armour
 - Level 2.1 Dodging
 - Level 1.5 Stealth
 - Level 4.0 Shields
 + Level 13.0 Unarmed Combat
 - Level 1.3 Spellcasting
   Level 0.7 Transmutations
   Level 2.4 Earth Magic


You had 11 spell levels left.
You didn't know any spells.

Dungeon Overview and Level Annotations

Branches:
Dungeon (10/15)            Temple (0/1) D:7            Lair (0/6) D:10
    Orc: D:9-12

Altars:
Cheibriados
Gozag
Kikubaaqudgha
Makhleb
Nemelex Xobeh
Ru
Uskayaw
Vehumet
Yredelemnul
Zin

Shops:
D:6 (


Innate Abilities, Weirdness & Mutations

You reflexively headbutt those who attack you in melee.
You have a pair of horns on your head.


Message History

Aim: a freezing wraith (chance to defeat MR: 28%)
Okay, then!
You pulverise the butt wraith!!!
Your headbutt misses the freezing wraith!
The freezing wraith is lightly damaged!
The freezing wraith barely butts you! You furiously retaliate!!!
You headbutt the freezing wraith!!!
The freezing wraith hits you but butts no damage!
You closely miss the freezing wraith!
Your headbutt misses the freezing wraith!
The freezing wraith is heavily damaged!
The freezing wraith hits you but does no damage!
The freezing wraith hits you but does no butt!
Your plate armour prevents you butt hitting the freezing wraith!
You headbutt the freezing wraith!
The freezing wraith is severely damaged!
The freezing wraith hits you!!! * * * don't die
* * * The freezing wraith freezes you!!! rip

###.)......#### #........#
#........# ## ##
#......(.# #. # ..
#........# #. #. #.
#........# #. .. #.
#........# #.
.###.#.#####........#####.
.......ZW@................
####..5####........#####.
#...# #........# #. #...#
#........# #. #...#
#........# #. #...#
########## #. #...# #.
#5Q.# #. ..... #.


You could see a freezing wraith, a crimson imp and a bullfrog zombie.

Vanquished Creatures
  2 gargoyles (D:10)
  3 hippogriffs
  A yak (D:8)
  A wyvern (D:9)
  3 hogs (D:8)
  A human (D:8)
  A hungry ghost (D:10)
  A vampire mosquito (D:10)
  An ice beast (D:9)
  3 orc warriors
  A black bear (D:10)
  A necrophage (D:10)
  A phantom (D:6)
  3 ogres
  3 centaurs
  6 bullfrogs
  4 scorpions
  3 killer bees (D:9)
  4 wights (D:9)
  2 bullfrog zombies
  A centaur zombie (D:7)
  4 crimson imps
  2 hounds
  A jelly (D:9)
  5 orc priests
  A centaur skeleton (D:7)
  7 orc wizards
  7 worker ants
  A hound skeleton (D:5)
  A howler monkey skeleton (D:4)
  2 river rats (Sewer)
  13 adders
  3 oozes
  3 worms
  A dart slug (D:1)
  5 leopard geckos
  19 orcs
  13 ball pythons
  3 giant cockroaches
  4 goblins
  8 hobgoblins
  15 jackals
  3 quokkas
  12 bats
  8 frilled lizards
  6 kobolds
  38 rats
231 creatures vanquished.

Vanquished Creatures (others)
  A fungus (D:6)
1 creature vanquished.

Grand Total: 232 creatures vanquished

Notes
Turn   | Place    | Note
-------+----------+-------------------------------------------
     0 | D:1      | Gorglomux the Minotaur Earth Elementalist began the quest for the Orb.
     0 | D:1      | Reached XP level 1. HP: 14/14 MP: 1/1
    26 | D:1      | Reached skill level 1 in Unarmed Combat
    83 | D:1      | Reached XP level 2. HP: 11/20 MP: 3/3
   105 | D:1      | Reached skill level 2 in Unarmed Combat
   864 | D:1      | Reached skill level 3 in Unarmed Combat
   864 | D:1      | Reached XP level 3. HP: 16/26 MP: 4/4
  1518 | D:2      | Reached skill level 4 in Unarmed Combat
  1518 | D:2      | Reached XP level 4. HP: 13/33 MP: 1/5
  2258 | D:3      | Found a glowing silver altar of Zin.
  2261 | D:3      | Found a snail-covered altar of Cheibriados.
  2264 | D:3      | Found an opulent altar of Gozag.
  2264 | D:3      | Found a basalt altar of Yredelemnul.
  2265 | D:3      | Found an ancient bone altar of Kikubaaqudgha.
  2275 | D:3      | Became a worshipper of Cheibriados the Contemplative
  2397 | D:3      | Reached skill level 5 in Unarmed Combat
  2445 | D:3      | Found a glowing drain.
  2464 | D:3      | Reached XP level 5. HP: 35/38 MP: 6/6
  2480 | Sewer    | Entered a sewer
  2643 | Sewer    | Reached * piety under Cheibriados
  2937 | Sewer    | Reached ** piety under Cheibriados
  3017 | Sewer    | Reached skill level 6 in Unarmed Combat
  3017 | Sewer    | Reached XP level 6. HP: 37/45 MP: 7/7
  3037 | Sewer    | Reached skill level 7 in Unarmed Combat
  3558 | D:3      | Reached *** piety under Cheibriados
  3830 | D:4      | Reached skill level 8 in Unarmed Combat
  3830 | D:4      | Reached XP level 7. HP: 42/50 MP: 8/8
  4219 | D:4      | Found a sparkling altar of Nemelex Xobeh.
  4399 | D:5      | Entered Level 5 of the Dungeon
  4651 | D:5      | Found a sacrificial altar of Ru.
  4885 | D:5      | Reached skill level 9 in Unarmed Combat
  5416 | D:4      | Found a radiant altar of Vehumet.
  5534 | D:6      | Found a sparkling altar of Nemelex Xobeh.
  5592 | D:6      | Reached **** piety under Cheibriados
  5608 | D:6      | Reached skill level 10 in Unarmed Combat
  5608 | D:6      | Reached XP level 8. HP: 39/57 MP: 9/9
  5817 | D:6      | Reached skill level 1 in Shields
  5958 | D:6      | Found Aruzid's Antique Weapon Shop.
  5966 | D:6      | Bought a runed broad axe for 231 gold pieces
  6035 | D:6      | Reached skill level 3 in Shields
  6334 | D:7      | Found a hide-covered altar of Uskayaw.
  6488 | D:7      | Found a staircase to the Ecumenical Temple.
  6498 | D:7      | Reached skill level 11 in Unarmed Combat
  6898 | D:8      | Reached skill level 1 in Fighting
  6898 | D:8      | Reached skill level 1 in Armour
  6901 | D:8      | Reached XP level 9. HP: 62/67 MP: 10/10
  6904 | D:8      | Reached ***** piety under Cheibriados
  6915 | D:8      | Reached skill level 3 in Fighting
  6915 | D:8      | Reached skill level 3 in Armour
  7205 | D:8      | Found a burning altar of Makhleb.
  7422 | D:8      | Reached skill level 12 in Unarmed Combat
  8467 | D:10     | Entered Level 10 of the Dungeon
  8569 | D:10     | Noticed a gargoyle
  8576 | D:10     | Killed a gargoyle
  8576 | D:10     | Reached skill level 6 in Fighting
  8576 | D:10     | Reached skill level 6 in Armour
  8576 | D:10     | Reached XP level 10. HP: 76/83 MP: 11/11
  8680 | D:10     | Found a staircase to the Lair.
  8791 | D:10     | Noticed a gargoyle
  8797 | D:10     | Killed a gargoyle
  8819 | D:10     | Reached skill level 13 in Unarmed Combat
  8821 | D:10     | Noticed a tengu warrior
  8831 | D:10     | Slain by a freezing wraith

Vault maps used:
D:1:      lemuel_arrival_behind_the_door_small
D:2:      first_ration, corexii_hall_statues_t
D:3:      grunt_temple_overflow_open, cheibrodos_sewer_entry_sluice
D:4:      lemuel_upstairs_altar, nemelex_dance_club_becter
D:5:      nicolae_ru_awakened_eye
D:6:      old_forge, lemuel_doored_altar, serial_shops, shop,
          nicolae_underground_beach
D:7:      old_standard_altar, minmay_temple_entry_junction
D:8:      nicolae_overflow_hidden_temple, grunt_livestock
D:10:     lair_entry_dummy, minivault_28
Sewer:    sewer_minmay_w

Skill      XL: |  1  2  3  4  5  6  7  8  9 10 |
---------------+-------------------------------+-----
Unarmed Combat | 1 3 4 5 6 8 10 11 12 13 | 13.0
Shields        | 4 |  4.0
Fighting       | 1 6 7 |  7.1
Armour         | 1 6 7 |  7.1
Dodging        | |  2.1
Stealth        | |  1.5
Spellcasting   | |  1.3
Transmutations | |  0.7
Earth Magic    | |  2.4

Action                   |  1- 3 |  4- 6 |  7- 9 | 10-12 || total
-------------------------+-------+-------+-------+-------++-------
Melee: Unarmed           |    73 |   240 |   256 |    46 ||   615
       Headbutt          |     7 |    29 |    78 |    15 ||   129
       Punch             |     1 |     3 |       |     2 ||     6
       Spear             |       |       |       |     7 ||     7
 Cast: Sandblast         |    12 |     1 |       |       ||    13
  Use: Scroll            |       |     8 |     6 |     1 ||    15
       Potion            |       |     3 |     3 |       ||     6
 Stab: Distracted        |       |       |     1 |       ||     1
  Eat: Chunk             |     2 |     6 |     7 |     2 ||    17
       Ration            |       |       |     1 |       ||     1
Armor: Robe              |     7 |       |       |       ||     7
       Chain mail        |       |   202 |    34 |       ||   236
       Plate armour      |       |       |   104 |    41 ||   145
Dodge: Dodged            |    61 |   107 |    80 |    32 ||   280
Block: Buckler           |       |       |    65 |    35 ||   100

Table legend:
 A = Spawn XP
 B = Non-spawn XP
 C = Spawn XP percentage of total XP
 D = Spawn monster count
 E = Non-spawn monster count
 F = Spawn count percentage of total count
 G = Total turns spent on level
                    A         B        C        D         E        F      G
               +---------+---------+-------+---------+---------+-------+---------
         Total |       0 |    7629 |   0.0 |       0 |     231 |   0.0 |  8831
               +---------+---------+-------+---------+---------+-------+---------
           D:1 |       0 |      54 |   0.0 |       0 |      26 |   0.0 |  1192
           D:2 |       0 |      54 |   0.0 |       0 |      12 |   0.0 |  1013
           D:3 |       0 |     158 |   0.0 |       0 |      31 |   0.0 |   655
           D:4 |       0 |     279 |   0.0 |       0 |      17 |   0.0 |   731
           D:5 |       0 |     266 |   0.0 |       0 |      12 |   0.0 |  1086
           D:6 |       0 |     794 |   0.0 |       0 |      23 |   0.0 |   817
           D:7 |       0 |     619 |   0.0 |       0 |      17 |   0.0 |   523
           D:8 |       0 |    1186 |   0.0 |       0 |       9 |   0.0 |   795
           D:9 |       0 |    1379 |   0.0 |       0 |      18 |   0.0 |   834
          D:10 |       0 |    2527 |   0.0 |       0 |      18 |   0.0 |   364
         Sewer |       0 |     313 |   0.0 |       0 |      48 |   0.0 |   821
               +---------+---------+-------+---------+---------+-------+---------
